 Dungeon Crawl Stone Soup version 0.28.0-45-g0d030f2227 (console) character file.

Game seed: 7834952994718999734

98 CuBeRJAN3 the Firebug (level 4, -1/24 HPs)
             Began as a Deep Elf Fire Elementalist on Apr 1, 2022.
             Slain by an orc wizard
             ... wielding a +0 dagger
              (3 damage)
             ... on level 2 of the Dungeon.
             The game lasted 00:09:47 (2591 turns).

CuBeRJAN3 the Firebug (Deep Elf Fire Elementalist)  Turns: 2591, Time: 00:09:48

Health: -1/24      AC:  4    Str:  5    XL:     4   Next: 43%
Magic:  0/11       EV: 13    Int: 28    God:
Gold:   71         SH:  0    Dex: 17    Spells: 1/10 levels left

rFire   . . .      SeeInvis .   f - +0 dagger
rCold   . . .      Faith    .   (no shield)
rNeg    . . .      Spirit   .   a - +0 robe
rPois   .          Reflect  .   i - +0 helmet
rElec   .          Harm     .   (no cloak)
rCorr   .          Rampage  .   (no gloves)
Will    +....                   j - +0 pair of boots
Stlth   +++.......              (no amulet)
HPRegen 0.08/turn               m - ring of Symeugh {Will+ Dex+2}
MPRegen 0.12/turn               g - +6 ring of intelligence

@: very slightly contaminated
A: no striking features
a: no special abilities


You were on level 2 of the Dungeon.
You visited 1 branch of the dungeon, and saw 3 of its levels.

You collected 71 gold pieces.

Inventory:

Hand Weapons
 f - a +0 dagger (weapon)
Armour
 a - a +0 robe (worn)
 c - a +0 pair of boots
 i - a +0 helmet (worn)
 j - a +0 pair of boots (worn)
Jewellery
 d - a ring of willpower
 g - a +6 ring of intelligence (right hand)
 k - a ring of poison resistance
 m - the ring of Symeugh (left hand) {Will+ Dex+2}
   (You found it on level 2 of the Dungeon)

   [ring of willpower]

   Dex:       It affects your dexterity (+2).
   Will:      It increases your willpower.
Scrolls
 b - a scroll of magic mapping {unknown}
Potions
 e - a potion of flight {unknown}
 h - a potion of degeneration {unknown}
 l - a potion of haste {unknown}


   Skills:
 + Level 3.3 Dodging
 + Level 3.4 Stealth
 + Level 3.7 Spellcasting
 + Level 2.1 Conjurations
 + Level 1.0 Translocations
 + Level 3.9 Fire Magic


You had one spell level left.
You knew the following spells:

 Your Spells              Type           Power      Damage    Failure   Level
a - Foxfire               Conj/Fire      88%        2x1d8     2%          1
b - Scorch                Fire           54%        2d8       2%          2
c - Inner Flame           Hex/Fire       16%        N/A       11%         3
d - Conjure Flame         Conj/Fire      22%        6-21      6%          3

Your spell library contained the following spells:

 Spells                   Type           Power      Damage    Failure   Level
 Gell's Gravitas          Tloc           10%        N/A       16%         3
 Lesser Beckoning         Tloc           10%        N/A       16%         3
 Teleport Other           Tloc           10%        N/A       16%         3
 Flame Wave               Conj/Fire      22%        2d7       22%         4


Dungeon Overview and Level Annotations

Branches:
Dungeon (3/15)

Altars:


Message History

You miscast Scorch.
You are very lightly contaminated with residual magic.
Nothing appears to happen.
The foxfire hits the centaur zombie!
The centaur zombie is heavily damaged.
The centaur zombie barely misses you. The centaur zombie kicks you.
The orc wizard hits you but does no damage.
Casting: Scorch (safe; 2% risk of failure)
Press: ? - help, Q - select action, (/) - cycle Dir - look around, f - activate Flames lash something.
The centaur zombie misses you. x2
Casting: Scorch (safe; 2% risk of failure)
Press: ? - help, Q - select action, (/) - cycle Dir - look around, f - activate Flames lash the orc priest but do no damage.
You hear a shout!
The orc priest hits you with a +1 flail of protection.
The orc wizard mumbles some strange words.
The orc wizard flickers and vanishes!
The centaur zombie hits you but does no damage.
The centaur zombie closely misses you. The orc priest closely misses you.
The centaur zombie hits you.
The centaur zombie kicks you but does no damage.
You climb upwards.
Reactivating autopickup.
There is a stone staircase leading down here.
Casting: Scorch (safe; 2% risk of failure)
Press: ? - help, Q - select action, (/) - cycle Dir - look around, f - activate Flames lash the orc priest.
The orc priest is moderately wounded.
The orc priest's fire resistance burns away.
The orc priest barely misses you. The orc wizard barely misses you.
Casting: Scorch (safe; 2% risk of failure)
Press: ? - help, Q - select action, (/) - cycle Dir - look around, f - activate Flames lash the orc wizard.
The orc wizard is lightly wounded.
The orc wizard's fire resistance burns away.
The orc priest hits you with a +1 flail of protection.
* * * LOW HITPOINT WARNING * * *
The orc wizard hits you with a +0 dagger.
You die...

#..#######...
#...# ###.
#...### #.
##....#### ##
#..#....## #
#######.####..###
#................
#################
♣ ♣♣♣♣ ♣♣ ♣@o♣♣
♣♣. ♣♣o)♣♣♣♣ ♣..
♣♣♣...♣♣♣♣ ♣♣.
♣♣♣♣...♣♣ ♣♣.♣
♣♣♣♣.♣♣♣♣.♣♣
♣...♣♣..♣
♣♣♣....♣♣ ♣♣♣♣♣
♣♣.♣♣♣ ♣♣...♣♣
♣♣♣.♣ ♣.....♣
♣..♣♣ ♣...).♣♣♣
♣.♣♣


You could see an orc priest (combustible) and an orc wizard (combustible).

Vanquished Creatures
  An orc priest (D:2)
  2 adders (D:2)
  A dart slug (D:2)
  4 orcs (D:2)
  8 ball pythons
  5 endoplasms (D:1)
  2 giant cockroaches
  3 goblins
  3 hobgoblins
  A jackal (D:2)
  A kobold (D:1)
  3 quokkas
  3 bats (D:1)
  2 frilled lizards
  4 rats
43 creatures vanquished.

Vanquished Creatures (others)
  66 foxfires
66 creatures vanquished.

Grand Total: 109 creatures vanquished

Notes
Turn   | Place    | Note
-------+----------+-------------------------------------------
     0 | D:1      | CuBeRJAN3 the Deep Elf Fire Elementalist began the quest
                  | for the Orb.
     0 | D:1      | Reached XP level 1. HP: 10/10 MP: 6/6
   246 | D:1      | Reached XP level 2. HP: 14/15 MP: 2/8
   304 | D:1      | Learned a level 2 spell: Scorch
   484 | D:1      | Found a faded altar of an unknown god.
  1479 | D:2      | Reached XP level 3. HP: 19/19 MP: 6/9
  1485 | D:2      | Learned a level 3 spell: Inner Flame
  2162 | D:2      | Identified the ring of Symeugh {Will+ Dex+2}
  2175 | D:2      | Learned a level 3 spell: Conjure Flame
  2424 | D:2      | Reached XP level 4. HP: 23/24 MP: 3/11
  2549 | D:2      | Reached skill level 1 in Translocations
  2591 | D:2      | Slain by an orc wizard

Illustrated notes

Levels and vault maps discovered:
D:1:      heliophobic_arrival_dark_side_of_the_moon, layout_basic,
          ebering_ecumenical_altar_sacrificial
D:2:      kb_forest_paths, layout_rooms, minmay_misc_feat_square
D:3:      layout_rooms, grunt_ministairs_6, uniq_crazy_yiuf_cottage,
          uniq_terence

Skill      XL: |  1  2  3  4 |
---------------+-------------+-----
Stealth        | 3 |  3.4
Dodging        | 3 |  3.3
Conjurations   | 2 |  2.1
Translocations | 1 |  1.0
Spellcasting   | |  3.7
Fire Magic     | |  3.9

Action                   |  1- 3 |  4- 6 || total
-------------------------+-------+-------++-------
Melee: Dagger            |       |     2 ||     2
 Cast: Foxfire           |    39 |     2 ||    41
       Scorch            |    31 |     9 ||    40
Armor: Robe              |     4 |    11 ||    15
Dodge: Dodged            |     6 |    21 ||    27
